 Dungeon Crawl Stone Soup version 0.26.1-11-gd32895ea62 (webtiles) character file.

Game seed: 4592433446496947035

80 pgf the Cudgeller (level 4, -3/38 HPs)
             Began as a Draconian Gladiator on June 4, 2021.
             Slain by a gnoll
             ... wielding a +0 spear
              (5 damage)
             ... on level 3 of the Dungeon.
             The game lasted 00:06:36 (2840 turns).

pgf the Cudgeller (Draconian Gladiator)             Turns: 2840, Time: 00:06:41

Health: -3/38      AC:  6    Str: 16    XL:     4   Next: 18%
Magic:  4/4        EV: 13    Int:  8    God:
Gold:   35         SH:  0    Dex: 14    Spells: 3/3 levels left

rFire    . . .     SeeInvis .   j - +0 mace
rCold    . . .     Faith    .   (no shield)
rNeg     . . .     Spirit   .   (armour unavailable)
rPois    .         Reflect  .   b - +0 hat
rElec    .         Harm     .   t - +0 cloak
rCorr    .         Rampage  .   (no gloves)
Will     .....                  (no boots)
Stlth    +.........             (no amulet)
HPRegen  0.12/turn              (no ring)
MPRegen  0.09/turn              (no ring)

@: flying
A: unfitting armour, cold-blooded, AC +5
a: no special abilities


You were on level 3 of the Dungeon.
You visited 1 branch of the dungeon, and saw 3 of its levels.

You collected 35 gold pieces.

Inventory:

Hand Weapons
 a - a +0 flail
 j - a +0 mace (weapon)
 k - a +0 whip
 p - a +0 war axe
Missiles
 c - 3 throwing nets (quivered)
 f - 11 javelins
 h - 25 bolts
Armour
 b - a +0 hat (worn)
 i - a +0 chain mail
 t - a +0 cloak (worn)
Scrolls
 d - a scroll of teleportation {unknown}
 n - a scroll of fear {unknown}
 o - a scroll of enchant armour {unknown}
 s - a scroll of identify {unknown}
Potions
 g - a potion of berserk rage {unknown}
 l - a potion of brilliance {unknown}
 r - a potion of resistance {unknown}


   Skills:
 + Level 3.2 Fighting
 + Level 3.6 Maces & Flails
 + Level 2.2 Throwing
 + Level 3.3 Dodging


You had 3 spell levels left.
You didn't know any spells.
Your spell library was empty.

Dungeon Overview and Level Annotations

Branches:
Dungeon (3/15)

Altars:


Innate Abilities, Weirdness & Mutations

Your plain brown scales are hard. (AC +5)
You cannot fit into any form of body armour.
You are cold-blooded and may be slowed by cold attacks.


Message History

The quokka bites you but does no damage.
You hit the quokka.
You kill the quokka!
The rat misses you.
The gnoll hits you from afar with a +0 halberd!
The gnoll hits you from afar with a +0 spear.
* * * LOW HITPOINT WARNING * * *
It was a potion of flight.
You feel very buoyant.
You fly up into the air.
The rat misses you. The gnoll closely misses you.
The gnoll hits you from afar with a +0 halberd.
* * * LOW HITPOINT WARNING * * *
As you read the scroll labelled ZAUPOD ZYFOTE, it crumbles to dust.
You hear a loud clanging noise!
It was a scroll of noise.
You hear an angry hiss.
You hear a shout! x3; You hear an angry hiss. x3
You hear a shout! x6
The rat misses you.
The gnoll hits you from afar with a +0 spear.
You die...

##............#### #.##
#........##### #.#
#...#####.# ##.# .....
...########..# ......
.........#....#
...............#####...
###..
......###......... ###
###.rgg...#####..
#@†gg...#
........####..###
..#.#####.......#
.#####r#.###....#
........g######...
..................
.........#######
......)..# .........#


You could see 4 gnolls and a rat.

Vanquished Creatures
  An adder (D:3)
  4 worms
  2 dart slugs
  2 leopard geckos (D:1)
  An orc (D:3)
  2 giant cockroaches (D:2)
  7 goblins
  5 hobgoblins
  5 quokkas
  6 bats
  A frilled lizard (D:2)
  9 kobolds
  4 rats
49 creatures vanquished.

Notes
Turn   | Place    | Note
-------+----------+-------------------------------------------
     0 | D:1      | pgf the Draconian Gladiator began the quest for the Orb.
     0 | D:1      | Reached XP level 1. HP: 17/17 MP: 1/1
   535 | D:1      | Reached XP level 2. HP: 24/25 MP: 2/2
  1448 | D:2      | Reached XP level 3. HP: 26/30 MP: 3/3
  2783 | D:3      | Reached XP level 4. HP: 38/38 MP: 4/4
  2840 | D:3      | Slain by a gnoll

Illustrated notes

Levels and vault maps discovered:
D:1:      ebering_trefoil_twist, layout_loops_ring
D:2:      layout_loops_ring
D:3:      layout_rooms, minmay_goblin_outpost, uniq_jessica, uniq_terence,
          uniq_sigmund

Skill      XL: |  1  2  3 |
---------------+----------+-----
Dodging        | 3 |  3.3
Throwing       | 2 |  2.2
Fighting       | 3 |  3.2
Maces & Flails | |  3.6

Action                   |  1- 3 |  4- 6 || total
-------------------------+-------+-------++-------
Melee: Flail             |    35 |       ||    35
       Tailslap          |    19 |     4 ||    23
       Mace              |   119 |    13 ||   132
  Use: Potion            |     2 |     1 ||     3
       Scroll            |       |     1 ||     1
 Stab: Invisible         |     1 |       ||     1
       Sleeping          |     1 |       ||     1
Armor: Skin              |    89 |     9 ||    98
Dodge: Dodged            |   187 |    19 ||   206
